 Dungeon Crawl Stone Soup version 0.18.1-50-g88ac8fd (webtiles) character file.

149 Meaglor the Caller (level 5, -3/24 HPs)
             Began as a Vine Stalker Summoner on Nov 30, 2017.
             Killed by the anger of Yredelemnul (23 damage)
             ... in an ossuary.
             The game lasted 00:30:09 (2718 turns).

Meaglor the Caller (Vine Stalker Summoner)          Turns: 2718, Time: 00:30:09

Health: -3/24      AC:  6    Str: 12 (14) XL:     5   Next: 31%
Magic:  0/10       EV: 11    Int: 13 (16) God:
Gold:   138        SH:  0    Dex: 11 (14) Spells: 4 memorised, 0 levels left

rFire  . . .     SeeInvis .     j - +2 dagger (speed)
rCold  . . .     Gourm    .     g - +0 leather armour
rNeg   . . .     Faith    .     (no shield)
rPois  .         Spirit   +     (no helmet)
rElec  .         Dismiss  .     r - +2 cloak
rCorr  .         Reflect  .     (no gloves)
SustAt .         Harm     .     (no boots)
MR     .....                    (no amulet)
Stlth  ++........               (no ring)
                                n - +3 ring of strength

@: heavily drained, not resistant to hostile enchantments, unstealthy
A: fangs 2, regeneration 1, magic shield, antimagic bite, no device heal 3, rot
immunity
a: no special abilities


You were in an ossuary.
You were full.

You visited 1 branch of the dungeon, and saw 4 of its levels.
You also visited: Ossuary.

You collected 138 gold pieces.

Inventory:

Hand Weapons
 j - a +2 dagger of speed (weapon)
 m - a +0 short sword
 o - a +2 whip of flaming
Missiles
 d - 24 sling bullets
 e - 51 arrows
 k - 15 bolts
 q - 28 poisoned needles
 s - 2 throwing nets (quivered)
 v - 2 tomahawks
Armour
 a - a +0 robe
 g - a +0 leather armour (worn)
 r - a +2 cloak (worn)
Jewellery
 n - a +3 ring of strength (left hand)
Scrolls
 f - a scroll of amnesia
 l - a scroll of teleportation
 w - a scroll of random uselessness {unknown}
 x - a scroll of identify
Potions
 i - 3 potions of curing
 p - a potion of invisibility {unknown}
 u - 3 potions of brilliance
Books
 b - a book of Callings

   Spells                             Type                      Level
   a - Summon Small Mammal            Summoning                    1
   b - Call Imp                       Summoning                    2
   c - Call Canine Familiar           Summoning                    3
   d - Summon Guardian Golem          Hexes/Summoning              3
   e - Summon Lightning Spire         Summoning/Air                4
   f - Summon Ice Beast               Ice/Summoning                4
Comestibles
 c - a bread ration
 h - a beef jerky
 t - 3 fruits


   Skills:
 + Level 0.1(0.0) Fighting
 + Level 0.5(0.0) Short Blades
 + Level 1.0(0.0) Armour
 + Level 2.7(1.5) Dodging
 + Level 3.0(1.8) Stealth
 + Level 3.0(1.8) Spellcasting
 + Level 4.6(3.4) Summonings


You couldn't memorise any spells.
You knew the following spells:

 Your Spells              Type           Power        Failure   Level  Hunger
a - Summon Small Mammal   Summ           ##..         12%         1    ##.....
b - Call Imp              Summ           ##......     14%         2    ###....
c - Summon Ice Beast      Ice/Summ       #.......     98%         4    #####..
d - Call Canine Familiar  Summ           ##......     28%         3    ####...


Dungeon Overview and Level Annotations

Branches:
Dungeon (4/15)             Temple (0/1) D:4

Altars:
Gozag
Yredelemnul

Annotations:
D:3 dleb1993's ghost, amateur DEFE


Innate Abilities, Weirdness & Mutations

You have extremely sharp teeth.
Your natural rate of healing is unusually fast.
When hurt, damage is shared between your health and your magic reserves.
Your bite disrupts and absorbs the magic of your enemies.
Potions and wands cannot restore your health.
You are immune to rotting.


Message History

You see here a scroll labeled HUOM WIBIOCUID.
w - a scroll labeled HUOM WIBIOCUID The wraith misses you.
The wraith barely misses you.
You see here a potion of curing.
i - 3 potions of curing (gained 1)
The wraith misses you.
You see here a scroll of identify.
x - a scroll of identify The wraith hits you!
The wraith closely misses you.
There is an open door here.
There is an open door here. 2 skeletons come into view.
Found a gate leading back out of this place. 2 skeletons come into view.
Yredelemnul's anger turns toward you for a moment.
You convulse helplessly as pain tears through your body!
Ouch! That really hurt!
You die...

##...##...##...## ..
#...##.....##...# ...
+...#.....?.#...+
....#...##...!.##...#
....##...##...##...##
.....##...##'##...##
......##.........##.
.......#####'#####..
.Z..ZZ.@.W..........
.Z..................
###########'''######
####...####
#..'...'..#
#..#...#..#
####...#### #...#
#...#


You could see a wraith, a gnoll skeleton, a kobold skeleton and 2 orc skeletons.

Vanquished Creatures
  2 wights (D:3)
  5 adders
  A worm (D:3)
  2 dart slugs
  A giant gecko (D:3)
  An orc (D:3)
  4 bats (D:3)
  3 giant cockroaches
  2 goblins
  5 hobgoblins
  4 kobolds
  A giant newt (D:3)
  A kobold skeleton (Ossuary)
  3 orc skeletons (Ossuary)
  7 rats
42 creatures vanquished.

Vanquished Creatures (collateral kills)
  An orc priest (D:3)
  2 mummies
  An adder (D:2)
  A worm (D:3)
  A giant gecko (D:1)
  3 orcs (D:3)
  2 ball pythons (D:1)
  A giant cockroach (D:1)
  3 goblins
  2 hobgoblins (D:1)
  3 bats
  A giant newt (D:2)
  A gnoll skeleton (Ossuary)
  5 kobolds
  3 kobold skeletons (Ossuary)
  An orc skeleton (Ossuary)
  2 rats
33 creatures vanquished.

Grand Total: 75 creatures vanquished

Notes
Turn   | Place    | Note
--------------------------------------------------------------
     0 | D:1      | Meaglor the Vine Stalker Summoner began the quest for the Orb.
     0 | D:1      | Reached XP level 1. HP: 9/9 MP: 4/4
    89 | D:1      | Learned a level 1 spell: Summon Small Mammal
   198 | D:1      | Reached XP level 2. HP: 6/13 MP: 4/6
   202 | D:1      | Learned a level 2 spell: Call Imp
   626 | D:2      | Found a basalt altar of Yredelemnul.
   770 | D:2      | Became a worshipper of Yredelemnul the Dark
   771 | D:2      | Fell from the grace of Yredelemnul
   818 | D:2      | Reached XP level 3. HP: 16/16 MP: 6/8
  1348 | D:2      | Found an opulent altar of Gozag.
  1492 | D:3      | Reached XP level 4. HP: 18/21 MP: 9/9
  1530 | D:3      | Noticed dleb1993's ghost (amateur DEFE)
  1533 | D:3      | Learned a level 4 spell: Summon Ice Beast
  1579 | D:3      | Reached skill level 1 in Armour
  1841 | D:3      | Reached XP level 5. HP: 6/24 MP: 2/10
  1923 | D:3      | Learned a level 3 spell: Call Canine Familiar
  2264 | D:4      | Found a sand-covered staircase.
  2268 | Ossuary  | Entered an ossuary
  2268 | Ossuary  | Noticed a wraith
  2268 | Ossuary  | Noticed a wraith
  2268 | Ossuary  | Noticed a wraith
  2669 | Ossuary  | Noticed a shadow
  2669 | Ossuary  | Noticed a shadow
  2672 | Ossuary  | Noticed a wraith
  2718 | Ossuary  | Killed by the anger of Yredelemnul

Skill      XL: |  1  2  3  4 |
---------------+-------------+-----
Dodging        | 2 |  2.7
Stealth        | 3 |  3.0
Armour         | 1 |  1.0
Spellcasting   | 3 |  3.0
Fighting       | |  0.1
Short Blades   | |  0.5
Summonings     | |  4.6

Action                   |  1- 3 |  4- 6 || total
-------------------------+-------+-------++-------
Melee: Dagger            |   114 |   109 ||   223
       Bite              |    19 |    22 ||    41
       Spear             |     8 |       ||     8
       Short sword       |     5 |       ||     5
Throw: Throwing net      |       |     2 ||     2
       Tomahawk          |       |     1 ||     1
 Cast: Summon Small Mamm |     7 |       ||     7
       Call Imp          |    15 |    17 ||    32
Invok: Renounce Religion |     1 |       ||     1
  Use: Scroll            |     8 |     6 ||    14
       Potion            |     5 |     5 ||    10
 Stab: Distracted        |     1 |     1 ||     2
       Sleeping          |     1 |       ||     1
  Eat: Royal jelly       |     1 |       ||     1
       Bread ration      |       |     1 ||     1
       Meat ration       |       |     1 ||     1
       Fruit             |       |     1 ||     1
Armor: Leather armour    |    51 |    33 ||    84
       Skin              |       |    43 ||    43
Dodge: Dodged            |    61 |    70 ||   131
